TOP OF THE 1ST |
Richmond Flairs batting - Pitching for Louisville Bats : RHP Tony Henderson
|
Pitching: RHP Tony Henderson
|
|
Batting: RHB Javier Rentería
|
0-0: DOUBLE (Line Drive, 9LS)
|
Batting: RHB Víctor Chávez
|
0-0: Called Strike Javier Rentería is caught stealing 3rd base 0-1: Ball 1-1: Foul Ball, location: 2F 1-2: Ball 2-2: Strikes out looking
|
Batting: LHB Roland Jones
|
0-0: Called Strike 0-1: Swinging Strike 0-2: SOLO HOME RUN (Flyball, 9D), Distance : 368 ft
|
Batting: RHB Elliott Johnston
|
0-0: Ball 1-0: Foul Ball, location: 2F 1-1: Foul Ball, location: 2F 1-2: Ball 2-2: Foul Ball, location: 2F 2-2: Ground out 4-3 (Groundball, 4)
|
Top of the 1st over - 1 run(s), 2 hit(s), 0 error(s), 0 left on base; Richmond 1 - Louisville 0 |
BOTTOM OF THE 1ST |
Louisville Bats batting - Pitching for Richmond Flairs : RHP Chris Carpenter
|
Pitching: RHP Chris Carpenter
|
|
Batting: LHB John Latham
|
0-0: Called Strike 0-1: Ball 1-1: Foul Ball, location: 2F 1-2: Ball 2-2: Fly out, F7 (Line Drive, 7LM)
|
Batting: RHB Dick Slagboom
|
0-0: Foul Ball, location: 2F 0-1: Ball 1-1: Foul Ball, location: 2F 1-2: Foul Ball, location: 2F 1-2: Ball 2-2: Foul Ball, location: 2F 2-2: Foul Ball, location: 2F 2-2: Ball 3-2: Fly out, F2 (Popup, 13S)
|
Batting: RHB Jesús Cabrera
|
0-0: Ball 1-0: Called Strike 1-1: Foul Ball, location: 2F 1-2: Ground out 5-3 (Groundball, 5S)
|
Bottom of the 1st over - 0 run(s), 0 hit(s), 0 error(s), 0 left on base; Richmond 1 - Louisville 0 |
TOP OF THE 2ND |
Richmond Flairs batting - Pitching for Louisville Bats : RHP Tony Henderson
|
Batting: LHB Dave Gray
|
0-0: Fly out, F3 (Line Drive, 3L)
|
Batting: RHB Rafael Carreón
|
0-0: Ball 1-0: SINGLE (Flyball, 34D)
|
Batting: RHB Freddy Padilla
|
0-0: Ball 1-0: Foul Ball, location: 2F 1-1: Foul Ball, location: 2F 1-2: Hit by Pitch Rafael Carreón to second
|
Batting: LHB R.J. Courtney
|
0-0: Called Strike 0-1: Ball 1-1: Ball 2-1: Ball 3-1: Foul Ball, location: 2F 3-2: Base on Balls Rafael Carreón to third Freddy Padilla to second
|
Batting: RHB Mario López
|
0-0: Ball 1-0: Swinging Strike 1-1: Ball 2-1: Ball 3-1: Base on Balls Rafael Carreón scores Freddy Padilla to third R.J. Courtney to second
|
Batting: RHB Javier Rentería
|
0-0: Called Strike 0-1: Grounds into double play, 6-4-3 (Groundball, 6)
|
Top of the 2nd over - 1 run(s), 1 hit(s), 0 error(s), 2 left on base; Richmond 2 - Louisville 0 |
BOTTOM OF THE 2ND |
Louisville Bats batting - Pitching for Richmond Flairs : RHP Chris Carpenter
|
Batting: LHB Mike Callahan
|
0-0: SINGLE (Flyball, 78S)
|
Batting: RHB Eric Thompson
|
0-0: Ball 1-0: Called Strike 1-1: SINGLE (Groundball, 34D) Mike Callahan to second Runner from 2nd tries for 3rd, SAFE, no throw
|
Batting: LHB Alex Henderson
|
0-0: Called Strike 0-1: Ball 1-1: Ball 2-1: Ball 3-1: Swinging Strike 3-2: Foul Ball, location: 2F 3-2: Foul Ball, location: 2F 3-2: Fly out, F9 (Flyball, 89S)
|
Batting: RHB John Denton
|
0-0: Ball 1-0: Ball 2-0: Ball 3-0: Called Strike 3-1: Base on Balls Eric Thompson to second
|
Batting: LHB Jeff Forsyth
|
0-0: Called Strike 0-1: Ball 1-1: Ball 2-1: Foul Ball, location: 2F 2-2: Fly out, F4 (Popup, 34)
|
Batting: RHB Shawn Marshall
|
0-0: Foul Ball, location: 2F 0-1: Ball 1-1: Swinging Strike 1-2: Foul Ball, location: 2F 1-2: Strikes out looking
|
Bottom of the 2nd over - 0 run(s), 2 hit(s), 0 error(s), 3 left on base; Richmond 2 - Louisville 0 |
TOP OF THE 3RD |
Richmond Flairs batting - Pitching for Louisville Bats : RHP Tony Henderson
|
Batting: RHB Víctor Chávez
|
0-0: Ball 1-0: Called Strike 1-1: Foul Ball, location: 2F 1-2: Foul Ball, location: 2F 1-2: Ball 2-2: Strikes out swinging
|
Batting: LHB Roland Jones
|
0-0: Called Strike 0-1: Foul Ball, location: 2F 0-2: Strikes out swinging
|
Batting: RHB Elliott Johnston
|
0-0: Called Strike 0-1: Foul Ball, location: 2F 0-2: Strikes out swinging
|
Top of the 3rd over - 0 run(s), 0 hit(s), 0 error(s), 0 left on base; Richmond 2 - Louisville 0 |
BOTTOM OF THE 3RD |
Louisville Bats batting - Pitching for Richmond Flairs : RHP Chris Carpenter
|
Batting: LHB John Latham
|
0-0: Fly out, F9 (Flyball, 89M)
|
Batting: RHB Dick Slagboom
|
0-0: Swinging Strike 0-1: Ball 1-1: Foul Ball, location: 2F 1-2: Ball 2-2: Ball 3-2: Foul Ball, location: 2F 3-2: SOLO HOME RUN (Flyball, 78XD), Distance : 419 ft
|
Batting: RHB Jesús Cabrera
|
0-0: Called Strike 0-1: Called Strike 0-2: Ball 1-2: SINGLE (Groundball, 56) (infield hit)
|
Batting: LHB Mike Callahan
|
0-0: Called Strike 0-1: Foul Ball, location: 2F 0-2: Ball Jesús Cabrera is caught stealing 2nd base 1-2: Foul Ball, location: 2F 1-2: Ball 2-2: Ball 3-2: Fly out, F2 (Popup, 5S)
|
Bottom of the 3rd over - 1 run(s), 2 hit(s), 0 error(s), 0 left on base; Richmond 2 - Louisville 1 |
TOP OF THE 4TH |
Richmond Flairs batting - Pitching for Louisville Bats : RHP Tony Henderson
|
Batting: LHB Dave Gray
|
0-0: Ground out 4-3 (Groundball, 4)
|
Batting: RHB Rafael Carreón
|
0-0: Ball 1-0: Swinging Strike 1-1: Called Strike 1-2: Strikes out swinging
|
Batting: RHB Freddy Padilla
|
0-0: Fly out, F9 (Flyball, 9S)
|
Top of the 4th over - 0 run(s), 0 hit(s), 0 error(s), 0 left on base; Richmond 2 - Louisville 1 |
BOTTOM OF THE 4TH |
Louisville Bats batting - Pitching for Richmond Flairs : RHP Chris Carpenter
|
Batting: RHB Eric Thompson
|
0-0: Called Strike 0-1: Hit by Pitch
|
Batting: LHB Alex Henderson
|
0-0: Ball Eric Thompson steals 2nd base 1-0: Called Strike 1-1: Ball 2-1: Called Strike Eric Thompson steals 3rd base 2-2: Strikes out swinging
|
Batting: RHB John Denton
|
0-0: Ball 1-0: Fly out, F9 (Flyball, 9) Runner from 3rd tags up, SCORES, no throw
|
Batting: LHB Jeff Forsyth
|
0-0: Foul Ball, location: 2F 0-1: Swinging Strike 0-2: Ball 1-2: Ball 2-2: Ground out U3 (Groundball, 23)
|
Bottom of the 4th over - 1 run(s), 0 hit(s), 0 error(s), 0 left on base; Richmond 2 - Louisville 2 |
TOP OF THE 5TH |
Richmond Flairs batting - Pitching for Louisville Bats : RHP Tony Henderson
|
Batting: LHB R.J. Courtney
|
0-0: Swinging Strike 0-1: Ball 1-1: Ball 2-1: Ball 3-1: Foul Ball, location: 2F 3-2: Base on Balls
|
Batting: RHB Mario López
|
0-0: Ball 1-0: Ball 2-0: Called Strike 2-1: Ball 3-1: Foul Ball, location: 2F 3-2: Foul Ball, location: 2F 3-2: Foul Ball, location: 2F 3-2: Base on Balls R.J. Courtney to second
|
Batting: RHB Javier Rentería
|
0-0: Fielders Choice at 2nd, 5-4 (Groundball, 56) R.J. Courtney to third
|
Batting: RHB Víctor Chávez
|
0-0: SINGLE (Groundball, 6MD) R.J. Courtney scores Javier Rentería to second Runner from 2nd tries for 3rd, SAFE, throw made to third
|
Batting: LHB Roland Jones
|
0-0: Ball 1-0: Ball 2-0: Called Strike 2-1: Fly out, F7 (Flyball, 7S)
|
Batting: RHB Elliott Johnston
|
0-0: Called Strike 0-1: Ball 1-1: Ball 2-1: Fielders Choice at 2nd, 4-6 (Groundball, 4)
|
Top of the 5th over - 1 run(s), 1 hit(s), 0 error(s), 1 left on base; Richmond 3 - Louisville 2 |
BOTTOM OF THE 5TH |
Louisville Bats batting - Pitching for Richmond Flairs : RHP Chris Carpenter
|
Batting: RHB Shawn Marshall
|
0-0: Ball 1-0: Called Strike 1-1: Called Strike 1-2: Ball 2-2: Fly out, F8 (Flyball, 8RXD)
|
Batting: LHB John Latham
|
0-0: Ball 1-0: Fly out, F8 (Flyball, 8LD)
|
Batting: RHB Dick Slagboom
|
0-0: Foul Ball, location: 2F 0-1: Foul Ball, location: 2F 0-2: Ball 1-2: Ball 2-2: Fly out, F6 (Popup, 56D)
|
Bottom of the 5th over - 0 run(s), 0 hit(s), 0 error(s), 0 left on base; Richmond 3 - Louisville 2 |
TOP OF THE 6TH |
Richmond Flairs batting - Pitching for Louisville Bats : RHP Tony Henderson
|
Batting: LHB Dave Gray
|
0-0: Foul Ball, location: 2F 0-1: Called Strike 0-2: Ground out 6-3 (Groundball, 6)
|
Batting: RHB Rafael Carreón
|
0-0: Called Strike 0-1: Foul Ball, location: 2F 0-2: Foul Ball, location: 2F 0-2: Strikes out swinging
|
Batting: RHB Freddy Padilla
|
0-0: TRIPLE (Line Drive, 89S)
|
Batting: LHB R.J. Courtney
|
0-0: Ball 1-0: Ball 2-0: Foul Ball, location: 2F 2-1: Ball 3-1: Ground out 4-3 (Groundball, 4)
|
Top of the 6th over - 0 run(s), 1 hit(s), 0 error(s), 1 left on base; Richmond 3 - Louisville 2 |
BOTTOM OF THE 6TH |
Louisville Bats batting - Pitching for Richmond Flairs : RHP Chris Carpenter
|
Pitching: RHP Arthur Green
|
|
Batting: RHB Jesús Cabrera
|
0-0: Called Strike 0-1: DOUBLE (Line Drive, 7LM)
|
Batting: LHB Mike Callahan
|
0-0: Called Strike 0-1: DOUBLE (Line Drive, 89M) Jesús Cabrera scores
|
Batting: RHB Eric Thompson
|
0-0: Ball 1-0: Ball 2-0: Ball 3-0: Base on Balls
|
Pinch Runner at 2nd Pablo Gonzáles:
|
|
Batting: LHB Alex Henderson
|
0-0: Ball 1-0: Ball 2-0: Ball 3-0: Called Strike 3-1: Swinging Strike 3-2: Base on Balls Pablo Gonzáles to third Eric Thompson to second
|
Batting: RHB John Denton
|
0-0: Called Strike 0-1: Foul Ball, location: 2F 0-2: Ball 1-2: Ball 2-2: Ball 3-2: Strikes out swinging
|
Batting: LHB Jeff Forsyth
|
0-0: Called Strike 0-1: Fly out, F7 (Line Drive, 78M) Runner from 3rd tags up, SCORES, no throw
|
Pitching: LHP Salvador Rodríguez
|
|
Batting: RHB Shawn Marshall
|
0-0: Ball 1-0: Called Strike 1-1: Swinging Strike 1-2: Ball 2-2: Ball 3-2: Base on Balls Eric Thompson to third Alex Henderson to second
|
Batting: LHB John Latham
|
0-0: Ball 1-0: Ball 2-0: Called Strike 2-1: Called Strike 2-2: Strikes out looking
|
Bottom of the 6th over - 2 run(s), 2 hit(s), 0 error(s), 3 left on base; Richmond 3 - Louisville 4 |
TOP OF THE 7TH |
Richmond Flairs batting - Pitching for Louisville Bats : RHP Tony Henderson
|
Pitching: RHP Tom McConnell
|
|
Batting: RHB Mario López
|
0-0: Ball 1-0: Called Strike 1-1: Ball 2-1: Ball 3-1: Base on Balls
|
Batting: RHB Javier Rentería
|
0-0: Sac Bunt - play at second, runner OUT! 3-6
|
Pinch Hitting: LHB Sean Nicks
|
0-0: Ball 1-0: Ball 2-0: Foul Ball, location: 2F 2-1: Called Strike 2-2: Fly out, F5 (Popup, 56S)
|
Batting: LHB Roland Jones
|
0-0: Called Strike 0-1: Swinging Strike 0-2: Strikes out swinging
|
Top of the 7th over - 0 run(s), 0 hit(s), 0 error(s), 1 left on base; Richmond 3 - Louisville 4 |
BOTTOM OF THE 7TH |
Louisville Bats batting - Pitching for Richmond Flairs : LHP Salvador Rodríguez
|
Now at 1B: Sean Nicks
|
|
Batting: RHB Dick Slagboom
|
0-0: Ball 1-0: Ball 2-0: Ball 3-0: Base on Balls
|
Batting: RHB Jesús Cabrera
|
0-0: Swinging Strike 0-1: Swinging Strike 0-2: Ball 1-2: SINGLE (Line Drive, 4M) Dick Slagboom to second
|
Batting: RHB Pablo Gonzáles
|
0-0: Ball 1-0: Called Strike 1-1: Ball 2-1: Foul Ball, location: 2F 2-2: Fly out, F8 (Flyball, 8RXD) Runner from 2nd tags up, SAFE at 3rd, no throw
|
Batting: RHB Eric Thompson
|
0-0: Ball 1-0: Called Strike 1-1: Called Strike Jesús Cabrera is caught stealing 2nd base 1-2: Ground out 6-3 (Groundball, 6)
|
Bottom of the 7th over - 0 run(s), 1 hit(s), 0 error(s), 1 left on base; Richmond 3 - Louisville 4 |
TOP OF THE 8TH |
Richmond Flairs batting - Pitching for Louisville Bats : RHP Tom McConnell
|
Pitching: RHP Manny Canseco
|
|
Batting: RHB Elliott Johnston
|
0-0: Called Strike 0-1: Swinging Strike 0-2: Foul Ball, location: 2F 0-2: Ball 1-2: Foul Ball, location: 2F 1-2: Ground out 5-3 (Groundball, 56S)
|
Pitching: LHP Denny Welch
|
|
Batting: LHB Dave Gray
|
0-0: Called Strike 0-1: Ball 1-1: Ball 2-1: Ground out 4-3 (Groundball, 4)
|
Pitching: RHP John Thompson
|
|
Batting: RHB Rafael Carreón
|
0-0: Called Strike 0-1: Ball 1-1: Swinging Strike 1-2: DOUBLE (Line Drive, 89D)
|
Pinch Hitting: SHB António Enríquez
|
0-0: Fly out, F8 (Flyball, 8LM)
|
Top of the 8th over - 0 run(s), 1 hit(s), 0 error(s), 1 left on base; Richmond 3 - Louisville 4 |
BOTTOM OF THE 8TH |
Louisville Bats batting - Pitching for Richmond Flairs : LHP Salvador Rodríguez
|
Now at 2B: Maresuke Yoshida
|
|
Batting: LHB Alex Henderson
|
0-0: Ball 1-0: SOLO HOME RUN (Line Drive, 8RXD), Distance : 433 ft
|
Batting: RHB John Denton
|
0-0: Fly out, F8 (Flyball, 89M)
|
Batting: LHB Jeff Forsyth
|
0-0: Ball 1-0: Foul Ball, location: 2F 1-1: Swinging Strike 1-2: Strikes out swinging
|
Batting: RHB Shawn Marshall
|
0-0: Foul Ball, location: 2F 0-1: Foul Ball, location: 2F 0-2: Ball 1-2: Foul Ball, location: 2F 1-2: Ball 2-2: Foul Ball, location: 2F 2-2: Ball 3-2: Foul Ball, location: 2F 3-2: Ground out U3 (Groundball, 34S)
|
Bottom of the 8th over - 1 run(s), 1 hit(s), 0 error(s), 0 left on base; Richmond 3 - Louisville 5 |
TOP OF THE 9TH |
Richmond Flairs batting - Pitching for Louisville Bats : RHP John Thompson
|
Pitching: RHP Johnathan Phillips
|
|
Batting: LHB R.J. Courtney
|
0-0: Swinging Strike 0-1: Ball 1-1: Called Strike 1-2: Strikes out looking
|
Batting: RHB Mario López
|
0-0: Foul Ball, location: 2F 0-1: Ball 1-1: Foul Ball, location: 2F 1-2: Fly out, F5 (Line Drive, 56)
|
Batting: RHB Javier Rentería
|
0-0: Foul Ball, location: 2F 0-1: Foul Ball, location: 2F 0-2: Ball 1-2: Ball 2-2: SINGLE (Groundball, 34D)
|
Batting: LHB Sean Nicks
|
0-0: Ball 1-0: Foul Ball, location: 2F 1-1: Foul Ball, location: 2F 1-2: Fielders Choice at 2nd, 4-6 (Groundball, 4)
|
Top of the 9th over - 0 run(s), 1 hit(s), 0 error(s), 0 left on base; Richmond 3 - Louisville 5 |
|